 Dungeon Crawl Stone Soup version 0.27-a0-1324-ge0d8e047f6 (webtiles) character file.

Game seed: 704277675611833375

78887 ipx the Devastator (level 15, -2/84 HPs)
             Began as a Deep Elf Fire Elementalist on June 23, 2021.
             Was the Champion of Vehumet.
             Slain by a spark wasp (13 damage)
             ... on level 3 of the Spider Nest.
             The game lasted 03:20:37 (9598 turns).

ipx the Devastator (Deep Elf Fire Elementalist)     Turns: 9598, Time: 03:20:38

Health: -2/84      AC: 11    Str:  8 (9)  XL:     15   Next: 19%
Magic:  21/35      EV: 21    Int: 27      God:    Vehumet [******]
Gold:   723        SH:  0    Dex: 21      Spells: 3/42 levels left

rFire    + + .     SeeInvis +   a - +9 spear of the Ancient Shrikes {flame, rF++ Str+4}
rCold    . . .     Faith    .   (no shield)
rNeg     . . .     Spirit   .   R - +5 robe of Night {Dark Will+ SInv}
rPois    +         Reflect  .   (no helmet)
rElec    .         Harm     .   W - +1 cloak
rCorr    .         Rampage  .   Q - +0 pair of gloves
Will     ++...                  n - +0 pair of boots
Stlth    ++++......             J - amulet of magic regeneration
HPRegen  0.24/turn              D - +6 ring of dexterity
MPRegen  0.49/turn              p - ring of poison resistance

@: no status effects
A: inability to train armour
a: Renounce Religion


You were on level 3 of the Spider Nest.
You worshipped Vehumet.
Vehumet was exalted by your worship.
You visited 5 branches of the dungeon, and saw 24 of its levels.
You also visited: Bailey and Ice Cave.

You collected 1717 gold pieces.
You spent 994 gold pieces at shops.

Inventory:

Hand Weapons
 a - the +9 spear of the Ancient Shrikes (weapon) {flame, rF++ Str+4}
   (You found it on level 6 of the Lair of Beasts)

   It has been specially enchanted to burn those struck by it, causing extra
   injury to most foes and up to half again as much damage against particularly
   susceptible opponents.
   It affects your strength (+4).
   It greatly protects you from fire.
 b - the +6 quarterstaff "Olauqum" {elec, +Blink rF- SInv}
   (You found it on level 7 of the Dungeon)

   Occasionally, upon striking a foe, it can discharge electrical energy and
   cause terrible harm.
   It makes you vulnerable to fire.
   It lets you see invisible.
   It lets you blink.
 y - the +3 long sword of the Evening {pain, rPois Int+6 Stlth-}
   (You found it on level 11 of the Dungeon)

   In the hands of one skilled in necromantic magic, it inflicts extra damage on
   living creatures.
   It affects your intelligence (+6).
   It protects you from poison.
   It makes you less stealthy.
 Y - a +2 whip of electrocution
Armour
 n - a +0 pair of boots (worn)
 E - a +0 troll leather armour
 Q - a +0 pair of gloves (worn)
 R - the +5 robe of Night (worn) {Dark Will+ SInv}
   (You bought it in a shop on level 3 of the Dungeon)

   It lets you see invisible.
   It increases your willpower.
 W - a +1 cloak (worn)
Magical Staves
 d - a staff of cold
Jewellery
 c - a ring of protection from cold
 m - a ring of willpower
 p - a ring of poison resistance (right hand)
 D - a +6 ring of dexterity (left hand)
 I - a +6 ring of intelligence
 J - an amulet of magic regeneration (around neck)
 N - the ring "Roobiq" {Ice *Corrode Will+ Int+3 Stlth+}
   (You found it in an ice cave)

   [ring of ice]

   It enhances your ice magic.
   It affects your intelligence (+3).
   It makes you vulnerable to fire.
   It protects you from cold.
   It may corrode you when you take damage.
   It increases your willpower.
   It makes you more stealthy.
 Z - a ring of resist corrosion
Wands
 e - a wand of acid (2)
 j - a wand of polymorph (6)
 l - a wand of iceblast (4)
 r - a wand of flame (28)
 K - a wand of digging (5)
 L - a wand of mindburst (15)
Scrolls
 f - 4 scrolls of magic mapping
 g - 5 scrolls of blinking
 o - 2 scrolls of amnesia {unknown}
 s - 4 scrolls of immolation
 v - 6 scrolls of teleportation
 w - 2 scrolls of enchant weapon
 x - a scroll of enchant armour
 B - 2 scrolls of vulnerability
 C - a scroll of holy word {unknown}
 S - 3 scrolls of brand weapon
 U - 2 scrolls of fog
 X - a scroll of torment
Potions
 h - 3 potions of lignification
 i - 4 potions of mutation
 k - a potion of ambrosia
 q - 2 potions of resistance
 t - 2 potions of brilliance {unknown}
 u - a potion of cancellation
 z - 2 potions of curing
 F - 2 potions of invisibility
 G - 3 potions of haste {unknown}
 H - a potion of heal wounds
 M - 3 potions of might
 O - a potion of flight
 V - a potion of attraction {unknown}
Miscellaneous
 P - a condenser vane


   Skills:
 - Level 6.0 Fighting
 + Level 12.0 Dodging
 - Level 6.0 Stealth
 + Level 14.0 Spellcasting
 + Level 17.1 Conjurations
 - Level 9.0 Summonings
 - Level 3.0 Translocations
 - Level 11.0 Fire Magic
 - Level 6.0 Evocations


You had 3 spell levels left.
You knew the following spells:

 Your Spells              Type           Power      Damage    Failure   Level
a - Apportation           Tloc           70%        N/A       1%          1
b - Fireball              Conj/Fire      38%        3d16      1%          5
c - Conjure Flame         Conj/Fire      76%        6-21      1%          3
h - Iskenderun's Battles  Conj           84%        2d13      1%          5
i - Iron Shot             Conj/Erth      30%        9d6       3%          6
s - Starburst             Conj/Fire      38%        8x6d11    1%          6
t - Sticky Flame          Conj/Fire      76%        2d9       1%          4
v - Spellforged Servitor  Conj/Summ      37%        N/A       3%          7
x - Foxfire               Conj/Fire      100%       2x1d9     0%          1
z - Magic Dart            Conj           100%       1d8       0%          1

Your spell library contained the following spells:

 Spells                   Type           Power      Damage    Failure   Level
 Irradiate                Conj/Tmut      30%        3d23      1%          5
 Searing Ray              Conj           100%       3d7       0%          2
 Shock                    Conj/Air       100%       1d9       1%          1
 Summon Small Mammal      Summ           100%       N/A       1%          1
 Static Discharge         Conj/Air       60%        N/A       1%          2
 Dazzling Flash           Conj/Hex       100%       N/A       1%          3
 Ignite Poison            Fire/Tmut/Pois 38%        N/A       1%          3
 Inner Flame              Hex/Fire       48%        N/A       1%          3
 Animate Skeleton         Necr           38%        N/A       2%          1
 Corona                   Hex            21%        N/A       2%          1
 Pain                     Necr           76%        1d7       2%          1
 Gell's Gravitas          Tloc           17%        N/A       2%          3
 Ensorcelled Hibernation  Hex/Ice        38%        N/A       4%          2
 Confusing Touch          Hex            19%        N/A       9%          3
 Swiftness                Air            19%        N/A       9%          3
 Tukima's Dance           Hex            19%        N/A       9%          3
 Vampiric Draining        Necr           9%         2d7       9%          3
 Lightning Bolt           Conj/Air       30%        1d47      1%          5
 Freezing Cloud           Conj/Ice/Air   24%        6-21      2%          5
 Conjure Ball Lightning   Conj/Air       30%        3x3d10    3%          6
 Summon Ice Beast         Ice/Summ       43%        N/A       4%          4
 Airstrike                Air            9%         N/A       8%          4
 Yara's Violent Unravell  Hex/Tmut       9%         3d6       21%         5
 Animate Dead             Necr           9%         N/A       28%         4
 Ice Form                 Ice/Tmut       19%        N/A       28%         4
 Petrify                  Tmut/Erth      19%        N/A       28%         4
 Ignition                 Fire           34%        3d10      45%         8
 Agony                    Necr           19%        N/A       61%         5
 Metabolic Englaciation   Hex/Ice        9%         N/A       61%         5
 Simulacrum               Ice/Necr       9%         N/A       99%         6
 Ozocubu's Refrigeration  Ice            9%         4d6       99%         7


Dungeon Overview and Level Annotations

Branches:
Dungeon (12/15)            Temple (1/1) D:4            Lair (6/6) D:9
  Swamp (0/4) Lair:4       Spider (3/4) Lair:4        Slime (0/5) Lair:5
    Orc (2/2) D:10            Elf (0/3) Orc:2        Bailey (visited)
  IceCv (visited)

Altars:
Ashenzari
Cheibriados
Dithmenos
Elyvilon
Hepliaklqana
Makhleb
Nemelex Xobeh
Okawaru
Qazlal
Ru
Sif Muna
Trog
Uskayaw
Vehumet
Wu Jian
Xom
The Shining One
Beogh

Shops:
D:1 (   D:3 [([   D:11 (   Orc:2 =([(

Annotations:
D:4 Dowan
D:9 lair


Innate Abilities, Weirdness & Mutations

You cannot train Armour skill.


Message History

Confirm with . or Enter, or press ? or * to list all spells.
Aiming: Fireball (safe; 1% risk of failure)
Press: ? - help, Shift-Dir - straight line, p - spark wasp
Okay, then.
Unknown command.
A redback comes into view.
There is a stone staircase leading up here.
Casting: Fireball (safe; 1% risk of failure)
Confirm with . or Enter, or press ? or * to list all spells.
Casting: Starburst (dangerous; 1% risk of failure)
Press: ? - help, Dir - look around, f - activate The bolt of fire hits the spark wasp!!!
The spark wasp is severely wounded.
The bolt of fire hits the redback!!!
You kill the redback!
Vehumet accepts your kill.
The bolt of fire hits the redback!!!
You kill the redback!
Vehumet accepts your kill.
You hear an angry hiss.
The jumping spider leaps!
The spark wasp barely misses you.
You feel your dexterity returning. The spark wasp stings you!
The spark wasp shocks you!
Casting: Starburst (dangerous; 1% risk of failure)
Confirm with . or Enter, or press ? or * to list all spells.
Casting: Starburst (dangerous; 1% risk of failure)
Press: ? - help, Dir - look around, f - activate The bolt of fire misses the spark wasp.
The bolt of fire misses the redback.
The bolt of fire misses the jumping spider.
A tarantella comes into view.
The jumping spider barely misses you.
The jumping spider completely misses you.
The spark wasp closely misses you. The redback bites you.
* * * LOW HITPOINT WARNING * * *
The tarantella hisses angrily.
The jumping spider leaps!
The redback barely misses you. The spark wasp stings you!
* * * LOW HITPOINT WARNING * * *
The spark wasp shocks you!
You die...

.#.#...
....^†.
#s.^^.
#?..##
#○s..###
#@y(.s!#
#^.#..#
#### .


You could see a spark wasp (very poisoned, slow), a jumping spider, a tarantella
and a redback.

Vanquished Creatures
  A frost giant (IceCv)
  A ghost moth (Lair:4)
  A fire dragon (Lair:6)
  2 hydras
  2 boulder beetles
  13 death yaks
  2 two-headed ogres
  An orc high priest (Orc:2)
  2 orc knights
  A swamp dragon (Lair:6)
  An oklob plant (Lair:5)
  2 wolf spiders (Spider:1)
  10 orc sorcerers (Orc:2)
  2 manticores
  2 elephants
  An ice statue (IceCv)
  4 cyclopes
  10 black mambas
  3 torpor snails
  2 gargoyles
  14 cane toads
  An unseen horror (D:11)
  11 rime drakes
  2 demonic crawlers (Spider:2)
  5 komodo dragons
  6 meliai
  A jumping spider (Spider:2)
  A tyrant leech (Lair:4)
  Prince Ribbit (Lair:3)
  6 trolls
  7 dream sheep (Lair:6)
  23 polar bears
  9 blink frogs
  19 redbacks
  8 tarantellas
  8 wyverns
  Eustachio (D:4)
  3 steam dragons
  5 basilisks
  49 yaks
  3 swamp worms (Lair:4)
  11 wargs
  2 acid dragons (Lair:6)
  7 water moccasins
  A swamp drake (Lair:6)
  11 orc warriors
  2 sky beasts (D:7)
  2 ice beasts (D:7)
  3 black bears
  10 ogres
  25 wolves
  11 centaurs
  3 kobold brigands
  Blork the orc (D:4)
  14 bullfrogs
  2 gnoll sergeants (Bailey)
  3 scorpions
  A water moccasin zombie (D:6)
  30 killer bees
  A howler monkey (D:9)
  3 wights (D:8)
  4 electric eels
  2 centaur zombies
  5 hounds
  2 jellies (D:6)
  2 gnoll shamans (Bailey)
  8 orc priests
  5 iguanas
  Ijyb (D:3)
  28 orc wizards
  2 killer bee zombies
  A gnoll (Bailey)
  5 adders
  A howler monkey skeleton (D:7)
  A shadow imp (D:6)
  2 ufetubi
  An adder skeleton (D:4)
  A dart slug (D:3)
  75 orcs
  9 ball pythons
  8 bats
  8 endoplasms
  4 giant cockroaches
  5 hobgoblins
  3 jackals (D:2)
  25 kobolds
  2 quokkas (D:3)
  A frilled lizard (D:2)
  4 goblins
  7 rats
611 creatures vanquished.

Vanquished Creatures (collateral kills)
  2 orb spiders
  3 wolf spiders
  A demonic crawler (Spider:2)
  A jumping spider (Spider:1)
  5 redbacks
  6 tarantellas
18 creatures vanquished.

Vanquished Creatures (others)
  587 foxfires
  40 fungi
  48 plants
675 creatures vanquished.

Grand Total: 1304 creatures vanquished

Notes
Turn   | Place    | Note
-------+----------+-------------------------------------------
     0 | D:1      | ipx the Deep Elf Fire Elementalist began the quest for the
                  | Orb.
     0 | D:1      | Reached XP level 1. HP: 10/10 MP: 6/6
    21 | D:1      | Found a faded altar of an unknown god.
    59 | D:1      | Reached skill level 2 in Conjurations
    59 | D:1      | Reached XP level 2. HP: 13/15 MP: 0/8
    63 | D:1      | Became a worshipper of Elyvilon the Healer
    63 | D:1      | Reached * piety under Elyvilon
   117 | D:1      | Found Upuilel's Antique Weapon Shoppe.
   368 | D:2      | Reached XP level 3. HP: 17/19 MP: 5/9
   372 | D:2      | Learned a level 3 spell: Conjure Flame
   390 | D:2      | Reached ** piety under Elyvilon
   492 | D:2      | Reached skill level 3 in Conjurations
   604 | D:3      | Noticed Ijyb
   624 | D:3      | Killed Ijyb
   625 | D:3      | Reached XP level 4. HP: 5/24 MP: 2/10
   913 | D:4      | Noticed Dowan
   931 | D:4      | Learned a level 4 spell: Sticky Flame
   948 | D:4      | Reached skill level 4 in Conjurations
   948 | D:4      | Reached XP level 5. HP: 28/28 MP: 8/11
   995 | D:4      | Noticed Blork the orc
  1008 | D:4      | Killed Blork the orc
  1031 | D:3      | Found Qeol's Armour Emporium.
  1031 | D:3      | Found Vyakoat's Antique Weapon Boutique.
  1115 | D:3      | Bought a +0 pair of boots for 54 gold pieces
  1156 | D:3      | Found Xoseist's Armour Shop.
  1245 | D:4      | Noticed Eustachio
  1256 | D:4      | Killed Eustachio
  1257 | D:4      | Reached skill level 5 in Conjurations
  1257 | D:4      | Reached skill level 5 in Fire Magic
  1257 | D:4      | Reached XP level 6. HP: 32/32 MP: 6/12
  1264 | D:4      | Found a hazy altar of Hepliaklqana.
  1305 | D:5      | Entered Level 5 of the Dungeon
  1317 | D:5      | Reached *** piety under Elyvilon
  1324 | D:5      | Found a sacrificial altar of Ru.
  1350 | D:5      | Fell from the grace of Elyvilon
  1350 | D:5      | Became a worshipper of Ru the Awakened
  1424 | D:5      | Reached skill level 5 in Stealth
  1424 | D:5      | Reached skill level 6 in Conjurations
  1424 | D:5      | Reached XP level 7. HP: 36/36 MP: 10/13
  1578 | D:6      | Noticed Sigmund
  1667 | D:6      | Noticed Sigmund
  1667 | D:6      | Sigmund changed into Sigmund the hobgoblin
  1672 | D:6      | Killed Sigmund the hobgoblin
  1843 | D:6      | Reached skill level 7 in Conjurations
  1930 | D:7      | Noticed a manticore
  1996 | D:7      | Reached XP level 8. HP: 38/41 MP: 10/14
  2002 | D:7      | Identified the +6 quarterstaff "Olauqum" {elec, +Blink rF-
                  | SInv}
  2036 | D:7      | Learned a level 5 spell: Fireball
  2109 | D:7      | Noticed a two-headed ogre
  2118 | D:7      | Killed a two-headed ogre
  2119 | D:7      | Reached skill level 5 in Dodging
  2119 | D:7      | Reached skill level 8 in Conjurations
  2172 | D:7      | Killed a manticore
  2173 | D:7      | Reached XP level 9. HP: 31/45 MP: 4/15
  2188 | D:7      | Reached skill level 9 in Conjurations
  2275 | D:7      | Noticed a gargoyle
  2284 | D:7      | Killed a gargoyle
  2318 | D:7      | Noticed an efreet
  2375 | D:7      | Found a flagged portal.
  2382 | D:7      | Gained mutation: You cannot train Armour skill. [Ru
                  | sacrifice]
  2382 | D:7      | Reached * piety under Ru
  2385 | Bailey   | Entered a bailey
  2792 | D:8      | Identified a scroll of acquirement
  2797 | D:8      | Acquired the Handbook of Conjuration and the Birds
  2880 | D:4      | Found a staircase to the Ecumenical Temple.
  2887 | Temple   | Entered the Ecumenical Temple
  2908 | Temple   | Fell from the grace of Ru
  2908 | Temple   | Became a worshipper of Vehumet
  3079 | D:8      | Reached skill level 10 in Conjurations
  3159 | D:8      | Reached XP level 10. HP: 42/50 MP: 7/18
  3185 | D:8      | You fall into a shaft and drop 1 floor!
  3211 | D:9      | Found a staircase to the Lair.
  3211 | D:9      | Noticed an elephant
  3308 | D:9      | Found a broken altar of Ashenzari.
  3388 | D:9      | Found a shimmering blue altar of Sif Muna.
  3430 | D:9      | Found an iron altar of Okawaru.
  3475 | D:9      | Reached * piety under Vehumet
  3475 | D:9      | Offered knowledge of Magic Dart by Vehumet.
  3476 | D:9      | Reached skill level 5 in Spellcasting
  3482 | D:9      | Learned a level 5 spell: Iskenderun's Battlesphere
  3484 | D:9      | Learned a level 1 spell: Magic Dart
  3492 | D:9      | Reached skill level 1 in Fighting
  3504 | D:10     | Entered Level 10 of the Dungeon
  3913 | D:11     | Noticed a manticore
  3921 | D:11     | Killed a manticore
  3933 | D:11     | Found Haphuz's Antique Weapon Shop.
  4097 | D:11     | Identified the +3 long sword of the Evening {pain, rPois
                  | Int+6 Stlth-}
  4145 | D:11     | Noticed a cyclops
  4168 | D:11     | Killed a cyclops
  4169 | D:11     | Reached skill level 10 in Fire Magic
  4190 | D:11     | Noticed a cyclops
  4196 | D:11     | Killed a cyclops
  4197 | D:11     | Reached skill level 11 in Conjurations
  4197 | D:11     | Reached skill level 1 in Evocations
  4235 | D:11     | Noticed a gargoyle
  4252 | D:11     | Killed a gargoyle
  4297 | D:11     | Noticed a cyclops
  4304 | D:11     | Killed a cyclops
  4305 | D:11     | Reached XP level 11. HP: 60/60 MP: 12/24
  4414 | D:12     | Noticed a two-headed ogre
  4422 | D:12     | Killed a two-headed ogre
  4459 | D:12     | Offered knowledge of Poisonous Vapours by Vehumet.
  4540 | D:10     | Reached ** piety under Vehumet
  4715 | D:10     | Found a staircase to the Orcish Mines.
  4759 | Lair:1   | Entered Level 1 of the Lair of Beasts
  4875 | Lair:1   | Learned a level 1 spell: Apportation
  4986 | Lair:1   | Reached skill level 1 in Translocations
  5055 | Lair:1   | Offered knowledge of Stone Arrow by Vehumet.
  5056 | Lair:1   | Reached skill level 12 in Conjurations
  5160 | Lair:2   | Reached *** piety under Vehumet
  5247 | Lair:2   | Reached XP level 12. HP: 62/66 MP: 11/26
  5379 | Lair:2   | Offered knowledge of Ignite Poison by Vehumet.
  5417 | Lair:3   | Reached skill level 13 in Conjurations
  5424 | Lair:3   | Learned a level 6 spell: Starburst
  5645 | Lair:3   | Noticed Prince Ribbit
  5648 | Lair:3   | Killed Prince Ribbit
  5657 | Lair:3   | Reached skill level 10 in Dodging
  5713 | Lair:4   | Noticed a death yak
  5716 | Lair:4   | Noticed a death yak
  5718 | Lair:4   | Noticed a death yak
  5721 | Lair:4   | Killed a death yak
  5721 | Lair:4   | Killed a death yak
  5816 | Lair:4   | Killed a death yak
  5817 | Lair:4   | Reached skill level 10 in Spellcasting
  5848 | Lair:4   | Found a frozen archway.
  5879 | IceCv    | Entered an ice cave
  5966 | IceCv    | Reached **** piety under Vehumet
  5996 | IceCv    | Offered knowledge of Iskenderun's Mystic Blast by Vehumet.
  6016 | IceCv    | Reached skill level 14 in Conjurations
  6295 | IceCv    | Reached XP level 13. HP: 72/72 MP: 26/29
  6389 | IceCv    | Reached ***** piety under Vehumet
  6390 | IceCv    | Reached skill level 5 in Fighting
  6427 | IceCv    | Noticed a frost giant
  6429 | IceCv    | Offered knowledge of Eringya's Noxious Bog by Vehumet.
  6439 | IceCv    | Killed a frost giant
  6484 | IceCv    | Identified the ring "Roobiq" {Ice *Corrode Will+ Int+3
                  | Stlth+}
  6672 | Lair:4   | Found a hole to the Spider Nest.
  6721 | Lair:4   | Found a staircase to the Swamp.
  6734 | Lair:4   | Upgraded the game from 0.27-a0-1322-gfdffb62a71 to
                  | 0.27-a0-1324-ge0d8e047f6
  6902 | Lair:5   | Found a staircase to the Slime Pits.
  7081 | Lair:5   | Reached skill level 1 in Summonings
  7144 | Lair:6   | Entered Level 6 of the Lair of Beasts
  7180 | Lair:6   | Reached XP level 14. HP: 80/80 MP: 12/34
  7199 | Lair:6   | Reached skill level 5 in Evocations
  7205 | Lair:6   | Reached skill level 15 in Conjurations
  7410 | Lair:6   | Offered knowledge of Bolt of Magma by Vehumet.
  7615 | Lair:6   | Identified the +9 spear of the Ancient Shrikes {flame, rF++
                  | Str+4}
  7666 | Lair:6   | Reached skill level 5 in Summonings
  8019 | Orc:1    | Entered Level 1 of the Orcish Mines
  8089 | Orc:2    | Entered Level 2 of the Orcish Mines
  8101 | Orc:2    | Noticed Nessos
  8104 | Orc:2    | Noticed Nessos
  8104 | Orc:2    | Nessos changed into Nessos the black mamba
  8199 | Orc:2    | Killed Nessos the black mamba
  8277 | Orc:2    | Reached skill level 16 in Conjurations
  8304 | Orc:2    | Offered knowledge of Orb of Destruction by Vehumet.
  8388 | Orc:2    | Found a staircase to the Elven Halls.
  8575 | Orc:2    | Found Matoto's Armour Emporium.
  8575 | Orc:2    | Found Voxagep's Antique Weapon Shop.
  8636 | Orc:2    | Found Huemeg's Weapon Shop.
  8721 | Orc:2    | Reached ****** piety under Vehumet
  8760 | Orc:2    | Paralysed by an orc sorcerer for 2 turns
  8778 | Orc:2    | Found Docagy's Jewellery Emporium.
  8800 | Orc:2    | Bought a ring of resist corrosion for 340 gold pieces
  9026 | D:3      | Bought the +5 robe of Night {Dark Will+ SInv} for 600 gold
                  | pieces
  9026 | D:3      | Found the +5 robe of Night {Dark Will+ SInv}
  9187 | Lair:1   | Learned a level 7 spell: Spellforged Servitor
  9194 | Lair:1   | Learned a level 6 spell: Iron Shot
  9261 | Spider:1 | Entered Level 1 of the Spider Nest
  9274 | Spider:1 | Noticed a ghost moth
  9293 | Lair:4   | Killed a ghost moth
  9358 | Spider:1 | Offered knowledge of Irradiate by Vehumet.
  9363 | Spider:1 | Reached XP level 15. HP: 57/84 MP: 24/35
  9480 | Spider:2 | Reached skill level 17 in Conjurations
  9598 | Spider:3 | Slain by a spark wasp

Illustrated notes

Levels and vault maps discovered:
D:1:      amcnicky_arrival_abandoned_market, layout_rooms, serial_shops,
          nicolae_shop_trees, basic_ecumenical_altar, minmay_unequal
D:2:      layout_basic, corexii_corridor_pit
D:3:      minmay_diamond_boxcup, layout_basic, serial_shops, shop,
          nicolae_shop_temple_entry_statues_fountains, shop, uniq_ijyb
D:4:      minmay_general_purpose_star, layout_cave_pools, lemuel_crystal_altar,
          minmay_temple_entry_trees, uniq_blork_the_orc, uniq_eustachio,
          uniq_duvessa
D:5:      layout_cave_pools, amcnicky_altar_gilded, kennysheep_mini_moat,
          jmf_multi_god_temple2
D:6:      layout_loops_cross, abandoned_shop, uniq_sigmund, uniq_pikel
D:7:      layout_gridville, enter_bailey_2, minmay_three_doors
D:8:      layout_loops_cross, chequers_temple_overflow_statue_of_worship
D:9:      layout_irregular_city, general_overflow_altar,
          nicolae_overflow_hidden_temple, nicolae_sif_muna_condensation,
          david_lair_generic
D:10:     layout_loops_corners, hiddenorc1_lemuel
D:11:     layout_loops_cross, serial_shops, shop, kennysheep_generic_room_14
D:12:     layout_gridville, serial_shops, shop_fountains, guppyfry_shop_venom
Temple:   minmay_temple_bridge_abc
Lair:1:   layout_chaotic_city, gammafunk_lair_bear_cave
Lair:2:   layout_gridlike, serial_bayou_pond_a
Lair:3:   layout_regular_city, lemuel_fruit_tree, serial_bayou_shore_b,
          lemuel_fruit_fields, serial_bayou_shore_b, uniq_prince_ribbit2
Lair:4:   layout_big_grid, minmay_swamp_entry_worms, spider_nest_entry_rubble,
          portal_ice_cave_rime, beast_lair_carwin_3, infiniplex_staircase_pool
Lair:5:   regret_index_tunnel_blossom, layout_loops_ring,
          minmay_slime_entry_oklob_open
Lair:6:   guppyfry_lair_end_dragon, layout_loops_ring, wormcave
Spider:1: layout_spider_delve, ebering_ghost_inner_flame, drop_trap
Spider:2: layout_spider_delve, special_room [special_room_bee]
Spider:3: layout_spider_delve
Orc:1:    layout_diamond_mine, nicolae_orc_tapped_out
Orc:2:    st_orc_town, layout_caves, uniq_nessos

Skill      XL: |  1  2  3  4  5  6  7  8  9 10 11 12 13 14 15 |
---------------+----------------------------------------------+-----
Conjurations   | 2 3 4 5 6 7 8 10 11 12 14 16 17 | 17.1
Fire Magic     | 4 5 6 8 9 10 11 | 11.0
Stealth        | 3 4 5 6 |  6.0
Dodging        | 5 7 8 9 11 12 | 12.0
Spellcasting   | 4 7 8 10 14 | 14.0
Fighting       | 3 4 6 |  6.0
Evocations     | 2 4 6 |  6.0
Translocations | 3 |  3.0
Summonings     | 2 8 9 |  9.0

Action                   |  1- 3 |  4- 6 |  7- 9 | 10-12 | 13-15 || total
-------------------------+-------+-------+-------+-------+-------++-------
Melee: Unarmed           |     8 |       |       |       |       ||     8
       Dagger            |       |     1 |     1 |     3 |       ||     5
       Quarterstaff      |       |       |     4 |       |       ||     4
Throw: Dart              |       |       |     3 |       |     1 ||     4
 Cast: Foxfire           |    69 |    72 |   151 |    48 |     7 ||   347
       Conjure Flame     |       |     1 |     2 |     3 |     1 ||     7
       Sticky Flame      |       |       |    16 |    38 |    41 ||    95
       Fireball          |       |       |     7 |    32 |    69 ||   108
       Magic Dart        |       |       |       |   241 |   381 ||   622
       Iskenderun's Batt |       |       |       |    56 |    85 ||   141
       Apportation       |       |       |       |     6 |    39 ||    45
       Starburst         |       |       |       |    14 |    53 ||    67
       Spellforged Servi |       |       |       |       |     4 ||     4
       Iron Shot         |       |       |       |       |     1 ||     1
Invok: Lesser Healing    |       |     1 |       |       |       ||     1
       Sacrifice Durabil |       |       |     1 |       |       ||     1
Evoke: Wand              |       |       |     8 |     3 |    25 ||    36
  Use: Potion            |     3 |       |     3 |       |     3 ||     9
       Scroll            |       |       |    11 |     5 |     8 ||    24
Armor: Robe              |     3 |       |    12 |     5 |    20 ||    40
       Troll leather arm |       |       |       |     4 |     6 ||    10
Dodge: Dodged            |    16 |     2 |    43 |    86 |   136 ||   283

Table legend: (Time is in decaauts)
 A = Elapsed time spent in this place.
 B = Non-inter-level travel time spent in this place.
 C = Inter-level travel time spent in this place.
 D = Time resting spent in this place.
 E = Time spent auto-exploring this place.
 F = Levels seen in this place.
 G = Mean time per level.
                   A        B        C        D        E       F      G
               +--------+--------+--------+--------+--------+-----+--------+
         Total |   9742 |   9318 |    424 |      3 |      0 |  26 |  374.7 |
       Dungeon |   4987 |   4640 |    347 |      3 |      0 |  12 |  415.6 |
        Temple |     42 |     24 |     18 |      0 |      0 |   1 |   42.0 |
          Lair |   2755 |   2696 |     59 |      0 |      0 |   6 |  459.2 |
   Spider Nest |    292 |    292 |      0 |      0 |      0 |   3 |   97.3 |
  Orcish Mines |    836 |    836 |      0 |      0 |      0 |   2 |  418.0 |
        Bailey |    165 |    165 |      0 |      0 |      0 |   1 |  165.0 |
      Ice Cave |    663 |    663 |      0 |      0 |      0 |   1 |  663.0 |
               +--------+--------+--------+--------+--------+-----+--------+

Top non-repeatable levels by time:
    D:10: 690 daAuts
     D:7: 675 daAuts
   IceCv: 663 daAuts
  Lair:5: 558 daAuts
     D:2: 532 daAuts
  Lair:6: 528 daAuts
  Lair:4: 522 daAuts
   Orc:2: 499 daAuts
     D:6: 487 daAuts
    D:11: 477 daAuts
     D:9: 423 daAuts
     D:4: 416 daAuts
  Lair:1: 392 daAuts
  Lair:3: 391 daAuts
  Lair:2: 361 daAuts
